 Dungeon Sprint DCSS version 0.21.1-1-g345015f (webtiles) character file.

4513 Fang the Severer (level 10, -6/75 HPs)
             Began as a Gargoyle Berserker on July 10, 2018.
             Was the Champion of Trog.
             Mangled by a freezing wraith (15 damage)
             ... in the Dungeon (Sprint VII: "The Pits").
             The game lasted 00:04:31 (1448 turns).

Fang the Severer (Gargoyle Berserker)               Turns: 1448, Time: 00:04:31

Health: -6/75      AC:  9    Str: 23    XL:     10   Next: 39%
Magic:  10/10      EV: 16    Int: 12    God:    Trog [******]
Gold:   0          SH:  0    Dex: 12    Spells: 9/9 levels left

rFire    . . .     SeeInvis .   j - +2 hand axe (flame)
rCold    . . .     Gourm    .   (no shield)
rNeg     + . .     Faith    .   b - +0 animal skin
rPois    ∞         Spirit   .   (no helmet)
rElec    +         Reflect  .   (no cloak)
rCorr    .         Harm     .   (no gloves)
MR       .....     NoTele   +   (no boots)
Stlth    ++........             (no amulet)
HPRegen  0.22/turn              n - +3 ring of dexterity
MPRegen  0.12/turn              q - +3 ring of intelligence

@: berserk cooldown, slowed, very slow
A: negative energy resistance 1, electricity resistance, unbreathing,
petrification resistance, rot immunity, AC +7
a: Berserk, Trog's Hand, Brothers in Arms, Burn Spellbooks, Renounce Religion


You were in the Dungeon.
You worshipped Trog.
Trog was exalted by your worship.
You were near starving.

You visited 1 branch

Inventory:

Hand Weapons
 j - a +2 hand axe of flaming (weapon)
 m - a +2 hand axe of chopping
 t - a +6 war axe of electrocution
Armour
 b - a +0 animal skin (worn)
Jewellery
 n - a +3 ring of dexterity (left hand)
 q - a +3 ring of intelligence (right hand)
Scrolls
 i - a scroll of blinking
 k - 3 scrolls of remove curse
 l - a scroll of summoning
Potions
 a - 2 potions of invisibility
 d - 9 potions of curing
 e - 9 potions of heal wounds
 f - a potion of haste
 g - 4 potions of magic
 h - 3 potions of berserk rage
 p - a potion of might
 r - a potion of brilliance
Comestibles
 c - 8 rations
 s - 3 chunks of flesh


   Skills:
 + Level 14.1 Fighting
 + Level 15.3 Axes
 + Level 4.9 Armour
 + Level 8.3 Dodging
 + Level 2.8 Stealth


You had 9 spell levels left.
You didn't know any spells.

Dungeon Overview and Level Annotations

Branches:
Dungeon (1/1)

Altars:
Cheibriados
Dithmenos
Elyvilon
Fedhas
Gozag
Hepliaklqana
Makhleb
Nemelex Xobeh
Okawaru
Qazlal
Ru
Sif Muna
Trog
Vehumet
Wu Jian
Xom
Yredelemnul
Zin
The Shining One
Beogh
Jiyva
Lugonu


Innate Abilities, Weirdness & Mutations

You are resistant to torment.
Your stone body is resilient. (AC +7)
You are immune to poison.
You resist negative energy. (rN+)
You are resistant to electric shocks. (rElec)
You can survive without breathing.
You are immune to petrification.
You are immune to rotting.


Message History

The hell hound bites you but does no damage.
The freezing wraith hits you but does no damage.
The freezing wraith misses you.
You hit the freezing wraith. You burn the freezing wraith.
The freezing wraith is moderately damaged.
You hit the hell hound.
The hell hound bites you but does no damage.
The freezing wraith hits you. The freezing wraith freezes you!
* * * LOW HITPOINT WARNING * * *
The freezing wraith hits you.
* * * LOW HITPOINT WARNING * * *
The freezing wraith drains your vigour!
You feel as though you will be slow longer.
Okay, then.
Your troll goes berserk!
You feel somewhat more hungry. The hell hound misses you.
The hell hound barely misses you. The freezing wraith hits you.
* * * LOW HITPOINT WARNING * * *
The freezing wraith freezes you!
You die...

........+ .#......#
........# #''######
#''##### ###########
#......# #.........#
#......# #.......#
##....## ####)))####
##''## ###..+))@h..#
##....###....##W##.....#
#......#....##.T.##....#
#......'....'.....+ ...+
#......#....##...## ..#
##....###....##'## .#
##++## ###..+.. . ####..


You could see a freezing wraith, a hell hound and a friendly troll (berserk).

Vanquished Creatures
  A deep elf mage (D)
  An eye of devastation (D)
  A gargoyle (D)
  A spiny frog (D)
  An ice devil (D)
  A hornet (D)
  A polar bear (D)
  4 blink frogs (D)
  An air elemental (D)
  A redback (D)
  A wraith (D)
  A fire bat (D)
  3 hell hounds (D)
  A porcupine (D)
  A floating eye (D)
  A black bear (D)
  A phantom (D)
  An orc warrior (D)
  A centaur (D)
  A big kobold (D)
  A bullfrog (D)
  A scorpion (D)
  A jelly (D)
  3 iron imps (D)
  A hound (D)
  An orc wizard (D)
  An orc priest (D)
  A worker ant (D)
  A mummy (D)
  An adder (D)
  A river rat (D)
  An adder zombie (D)
  A leopard gecko (D)
  5 orcs (D)
  A ball python (D)
  A bat zombie (D)
  2 jackals (D)
  A bat (D)
  A quokka simulacrum (D)
51 creatures vanquished.

Vanquished Creatures (others)
  A hobgoblin (D)
1 creature vanquished.

Grand Total: 52 creatures vanquished

Notes
Turn   | Place    | Note
-------+----------+-------------------------------------------
     0 | D        | Fang the Gargoyle Berserker began the quest for the Orb.
     0 | D        | Reached XP level 1. HP: 14/14 MP: 1/1
    14 | D        | Reached skill level 3 in Axes
    21 | D        | Found a bloodstained altar of Trog.
    21 | D        | Found a deep blue altar of Sif Muna.
    21 | D        | Found a viscous altar of Jiyva.
    21 | D        | Found a hazy altar of Hepliaklqana.
    21 | D        | Found an opulent altar of Gozag.
    22 | D        | Found a glowing golden altar of the Shining One.
    22 | D        | Found a glowing silver altar of Zin.
    22 | D        | Found a basalt altar of Yredelemnul.
    22 | D        | Found a shimmering altar of Xom.
    22 | D        | Found an ornate altar of the Wu Jian Council.
    22 | D        | Found a sacrificial altar of Ru.
    22 | D        | Found a stormy altar of Qazlal.
    22 | D        | Found an iron altar of Okawaru.
    22 | D        | Found a sparkling altar of Nemelex Xobeh.
    22 | D        | Found a burning altar of Makhleb.
    22 | D        | Found a blossoming altar of Fedhas.
    22 | D        | Found a white marble altar of Elyvilon.
    22 | D        | Found a shadowy altar of Dithmenos.
    22 | D        | Found a snail-covered altar of Cheibriados.
    25 | D        | Found a corrupted altar of Lugonu.
    25 | D        | Found a radiant altar of Vehumet.
    25 | D        | Found a roughly hewn altar of Beogh.
    72 | D        | Reached ** piety under Trog
    72 | D        | Reached XP level 2. HP: 15/20 MP: 2/2
   197 | D        | Noticed a floating eye
   200 | D        | Killed a floating eye
   200 | D        | Reached *** piety under Trog
   200 | D        | Reached skill level 6 in Axes
   200 | D        | Reached XP level 3. HP: 28/28 MP: 3/3
   200 | D        | Reached XP level 4. HP: 32/32 MP: 4/4
   200 | D        | Reached XP level 5. HP: 37/37 MP: 5/5
   202 | D        | Reached skill level 7 in Axes
   298 | D        | Noticed an orc warrior
   301 | D        | Reached **** piety under Trog
   301 | D        | Reached XP level 6. HP: 45/45 MP: 6/6
   304 | D        | Reached skill level 8 in Axes
   308 | D        | Reached ***** piety under Trog
   315 | D        | Killed an orc warrior
   315 | D        | Reached skill level 9 in Axes
   315 | D        | Reached XP level 7. HP: 51/51 MP: 7/7
   393 | D        | Received a gift from Trog
   393 | D        | Reached skill level 5 in Dodging
   555 | D        | Noticed a deep elf mage
   562 | D        | Killed a deep elf mage
   562 | D        | Reached skill level 10 in Fighting
   562 | D        | Reached skill level 11 in Axes
   562 | D        | Reached XP level 8. HP: 59/59 MP: 8/8
   630 | D        | Noticed a spiny frog
   643 | D        | Killed a spiny frog
   643 | D        | Received a gift from Trog
   643 | D        | Reached skill level 12 in Axes
   816 | D        | Noticed a polar bear
   819 | D        | Reached XP level 9. HP: 65/65 MP: 9/9
   824 | D        | Killed a polar bear
   824 | D        | Reached skill level 1 in Stealth
   909 | D        | Noticed an ice devil
   909 | D        | Noticed an eye of devastation
   914 | D        | Reached skill level 13 in Axes
   917 | D        | Killed an ice devil
   918 | D        | Reached ****** piety under Trog
   922 | D        | Reached skill level 14 in Axes
   925 | D        | Killed an eye of devastation
  1173 | D        | Noticed a hornet
  1177 | D        | Killed a hornet
  1177 | D        | Reached XP level 10. HP: 73/73 MP: 10/10
  1294 | D        | Noticed a gargoyle
  1297 | D        | Received a gift from Trog
  1302 | D        | Killed a gargoyle
  1424 | D        | Received a gift from Trog
  1424 | D        | Reached skill level 15 in Axes
  1448 | D        | Mangled by a freezing wraith

Skill      XL: |  1  2  3  4  5  6  7  8  9 10 |
---------------+-------------------------------+-----
Axes           | 3 6 7 9 11 12 14 15 | 15.3
Fighting       | 4 6 8 9 10 11 13 14 | 14.1
Dodging        | 2 3 4 6 7 8 |  8.3
Armour         | 3 4 |  4.9
Stealth        | 2 |  2.8

Action                   |  1- 3 |  4- 6 |  7- 9 | 10-12 || total
-------------------------+-------+-------+-------+-------++-------
Melee: Hand axe          |    25 |    19 |     3 |     5 ||    52
       Battleaxe         |       |       |    43 |    10 ||    53
       War axe           |       |       |       |    12 ||    12
Invok: Berserk           |     1 |     1 |     5 |     2 ||     9
       Brothers in Arms  |       |       |       |     1 ||     1
  Use: Potion            |       |       |       |     1 ||     1
  Eat: Chunk             |       |       |     3 |     2 ||     5
       Ration            |       |       |     1 |       ||     1
Armor: Animal skin       |    20 |     4 |    11 |    10 ||    45
Dodge: Dodged            |    28 |     7 |    22 |    22 ||    79
